 Dungeon Crawl Stone Soup version 0.29.1-15-g9cfb28693d (webtiles) character file.

Game seed: 13423806897638044451

72233 Hugehornet the Tortoise (level 15, -16/92 HPs)
             Began as a Gargoyle Fighter on Mar 19, 2023.
             Was the Champion of Okawaru.
             Demolished by a radroach (38 damage)
             ... on level 1 of the Spider Nest.
             The game lasted 01:08:09 (16504 turns).

Hugehornet the Tortoise (Gargoyle Fighter)         Turns: 16504, Time: 01:08:09

Health: -16/92     AC: 38    Str: 28    XL:     15   Next: 39%
Magic:  21/21      EV: 12    Int: 14    God:    Okawaru [******]
Gold:   1446       SH:  6    Dex:  9    Spells: 13/14 levels left

rFire   . . .      SeeInvis .   m - +0 broad axe (venom)
rCold   + . .      Faith    .   c - +0 buckler
rNeg    + . .      Spirit   .   Z - +2 ice dragon scales
rPois   ∞          Reflect  .   (no helmet)
rElec   +          Harm     .   u - +1 cloak
rCorr   .          Rampage  .   o - +2 pair of gloves
Will    +....                   R - +2 pair of boots {Fly}
Stlth   ..........              i - amulet of regeneration
HPRegen 1.05/turn               S - ring of fire
MPRegen 0.17/turn               t - +6 ring of strength

@: flying, slightly contaminated
A: sickness immunity, AC +11, big wings, negative energy resistance 1,
electricity resistance, torment resistance 1, petrification resistance
a: Renounce Religion, Heroism, Finesse, Duel


You were on level 1 of the Spider Nest.
You worshipped Okawaru.
Okawaru was exalted by your worship.
You visited 3 branches of the dungeon, and saw 15 of its levels.
You also visited: Ossuary.

You collected 1446 gold pieces.

Inventory:

Hand Weapons
 m - a +0 broad axe of venom (weapon)
 A - a +0 morningstar
 G - a +5 battleaxe of draining
 M - a +0 trident of venom
 O - a +2 war axe of freezing
 Q - a +1 whip of electrocution
Missiles
 a - 4 curare-tipped darts
 h - 185 stones (quivered)
Armour
 c - a +0 buckler (worn)
 d - a scarf of invisibility
 o - a +2 pair of gloves (worn)
 u - a +1 cloak (worn)
 C - a +3 leather armour of cold resistance
 R - a +2 pair of boots of flying (worn)
 Z - +2 ice dragon scales (worn)
Jewellery
 f - a ring of positive energy
 i - an amulet of regeneration (around neck)
 k - a ring of wizardry
 t - a +6 ring of strength (right hand)
 B - a ring of wizardry
 J - a ring of positive energy
 S - a ring of fire (left hand)
 W - an amulet of reflection
Wands
 b - a wand of polymorph (14)
 z - a wand of flame (57)
 F - a wand of digging (4)
 H - a wand of iceblast (7)
 L - a wand of acid (8)
Scrolls
 e - 5 scrolls of teleportation
 j - 5 scrolls of enchant armour
 l - a scroll of brand weapon
 q - 5 scrolls of amnesia
 s - 4 scrolls of fear
 w - a scroll of fog {unknown}
 y - 2 scrolls of enchant weapon
 I - 4 scrolls of immolation
 P - a scroll of blinking {unknown}
 V - a scroll of poison
 Y - 3 scrolls of magic mapping
Potions
 n - 3 potions of berserk rage
 v - 7 potions of mutation
 x - 6 potions of curing
 D - a potion of brilliance
 E - 5 potions of might
 N - a potion of haste
 T - a potion of ambrosia
 U - a potion of resistance


   Skills:
 - Level 9.7 Fighting
 * Level 14.9 Axes
 + Level 15.4 Armour
 + Level 7.9 Dodging
 - Level 9.2 Shields
 - Level 1.7 Unarmed Combat
 - Level 9.0 Invocations


You had 13 spell levels left.
You knew the following spells:

 Your Spells              Type           Power      Damage    Failure   Level
a - Magic Dart            Conj           0%         1d3       56%         1

Your spell library contained the following spells:

 Spells                   Type           Power      Damage    Failure   Level
 Searing Ray              Conj           0%         2d4       71%         2
 Static Discharge         Conj/Air       0%         3-3/arc   71%         2
 Conjure Flame            Conj/Fire      0%         6-21      90%         3
 Ignite Poison            Fire/Tmut/Pois 0%         N/A       90%         3
 Mephitic Cloud           Conj/Pois/Air  0%         N/A       90%         3
 Airstrike                Air            0%         2d(0-16)  100%        4
 Fulminant Prism          Conj/Hex       0%         3d6       100%        4
 Passage of Golubria      Tloc           0%         N/A       100%        4
 Petrify                  Tmut/Erth      0%         N/A       100%        4
 Sticky Flame             Conj/Fire      0%         2d3       100%        4
 Lightning Bolt           Conj/Air       0%         1d11      100%        5
 Metabolic Englaciation   Hex/Ice        0%         N/A       100%        5
 Yara's Violent Unravell  Hex/Tmut       0%         3d3       100%        5
 Iron Shot                Conj/Erth      0%         9d1       100%        6
 Maxwell's Capacitive Co  Air            0%         ∞         100%        8
 Call Imp                 Summ           Unusable   N/A       N/A         2
 Tukima's Dance           Hex            Unusable   N/A       N/A         3
 Summon Lightning Spire   Summ/Air       Unusable   N/A       N/A         4
 Statue Form              Tmut/Erth      Unusable   N/A       N/A         6

Dungeon Overview and Level Annotations

Branches:
Dungeon (9/15)             Temple (0/1) D:4            Lair (5/5) D:8
 Shoals (0/4) Lair:2       Spider (1/4) Lair:2        Slime (0/5) Lair:5
    Orc (0/2) D:9         Ossuary (visited)

Altars:
Ashenzari
Dithmenos
Fedhas
Makhleb
Okawaru
Qazlal
Vehumet
Xom
Yredelemnul
Zin
The Shining One
Jiyva

Shops:
D:2 !

Portals:
Hell: Lair:5

Annotations:
Lair:3 exclusion: oklob plant
Lair:5 exclusion: 4 oklob plants


Innate Abilities, Weirdness & Mutations

You are immune to sickness and miasma.
Your stone body is resilient. (AC +11)
You are immune to poison.
Your large and strong wings let you fly.
You resist negative energy. (rN+)
You are resistant to electric shocks. (rElec)
You are resistant to unholy torment.
You are immune to petrification.


Message History

No target in view!
A radroach comes into view.
You see here a redback corpse.
A redback comes into view.
Found 3 javelins.
Press: ? - help, v - describe, . - travel
Here: a radroach The floor.
The radroach barely misses you.
The radroach claws you but does no damage.
You slash the radroach!
The radroach is lightly wounded.
You slice the redback!!
The redback is poisoned.
The redback bites you! You block the radroach's attack.
The radroach claws you but does no damage.
You slash the redback!
You kill the redback!
Okawaru accepts your kill.
You hit the radroach.
The radroach is poisoned.
The radroach erupts in a fountain of uncontrolled magic!
You are blasted with magical radiation!!
You are very lightly contaminated with residual magic.
You hit the radroach but do no damage.
The radroach is moderately wounded.
The radroach bites you!
The radroach claws you but does no damage.
You slash the radroach!
The radroach is moderately wounded.
The radroach erupts in a fountain of uncontrolled magic!
You are blasted with magical radiation!!!
* * * LOW HITPOINT WARNING * * *
You are lightly contaminated with residual magic.
You are too injured to fight recklessly!
You are too injured to fight recklessly!
You feel better. You block the radroach's attack.
The radroach claws you but does no damage.
You feel better.
The radroach erupts in a fountain of uncontrolled magic!
You are blasted with magical radiation!!!
You die...

#. ##. ## #.. ##.... ##
#.. ##.... ... ##..
##....#######.... ###...
##.....##......... #.....
###.................
####..
#...........@B...... #..
#..............(. #..
#.....†.......... ##.
#..###...........########.
#..# ###.........#.....##.
#?## #...............^..
#..# #..##...........###
#..#####...#.##....##.## #
#.###.##.....##.#..##.####


You could see a radroach (very poisoned).

Vanquished Creatures
  An emperor scorpion (Spider:1)
  A ghost moth (Spider:1)
  Nessos (Lair:3)
  A spark wasp (Spider:1)
  A dire elephant (Lair:5)
  3 hydras (Lair:5)
  A catoblepas (Lair:5)
  A centaur warrior (D:9)
  The ghost of Zeebu the Blocker, a novice MiFi of Okawaru (D:9)
  A dancing weapon (D:8)
  A two-headed ogre (D:9)
  11 death yaks
  A sun demon (Lair:5)
  3 pharaoh ants (Spider:1)
  A wizard (Lair:5)
  A lindwurm (Lair:5)
  The ghost of Weresquid the Destroyer, a novice TeFE (D:8)
  6 wolf spiders (Spider:1)
  A cyclops (D:9)
  An ugly thing (D:9)
  19 elephants
  4 black mambas
  2 torpor snails (Spider:1)
  16 cane toads
  3 orange demons (Lair:5)
  13 komodo dragons
  4 rime drakes
  A hellwing (Lair:5)
  2 ice devils (Lair:5)
  3 meliai (Spider:1)
  2 trolls (D:9)
  6 polar bears
  3 slime creatures (Lair:4)
  10 dream sheep
  7 tarantellas (Spider:1)
  Grinder (D:3)
  9 blink frogs
  7 jumping spiders
  3 culicivoras (Spider:1)
  Sigmund (D:2)
  A ynoxinul (D:9)
  59 yaks
  A wraith (D:9)
  4 wyverns
  Eustachio (D:5)
  22 redbacks
  2 basilisks (D:9)
  2 steam dragons
  16 water moccasins
  4 hell hounds (Lair:5)
  3 sky beasts
  Duvessa (D:5)
  3 black bears
  5 orc warriors
  2 centaurs (D:9)
  5 wolves (Lair:4)
  12 ogres
  A phantom (D:5)
  20 bullfrogs
  8 kobold brigands
  Blork the orc (D:4)
  3 necrophages
  4 gnoll sergeants (D:9)
  4 scorpions
  10 wights
  Dowan (D:5)
  11 killer bees
  3 howler monkeys (D:7)
  A jelly (Lair:4)
  6 orc priests
  Crazy Yiuf (D:2)
  Natasha (thrice) (D:3)
  4 iguanas
  10 orc wizards
  8 mummies (Ossuary)
  12 gnolls
  8 adders
  2 white imps
  An ufetubus (D:5)
  2 worms
  3 dart slugs
  40 orcs
  4 bats
  6 endoplasms
  3 giant cockroaches (D:4)
  A gnoll zombie (Ossuary)
  16 hobgoblins
  7 jackals
  35 kobolds
  3 quokkas
  3 ball pythons
  3 frilled lizards
  3 goblins
  A goblin zombie (D:8)
  3 hobgoblin zombies (Ossuary)
  2 kobold zombies (Ossuary)
  2 orc zombies (Ossuary)
  11 rats
  A rat zombie (D:8)
  A bush (D:9)
570 creatures vanquished.

Vanquished Creatures (others)
  An unseen horror (D:6)
  A bush (Lair:4)
  72 fungi
  77 plants
151 creatures vanquished.

Grand Total: 721 creatures vanquished

Notes
Turn   | Place    | Note
-------+----------+-------------------------------------------
     0 | D:1      | Hugehornet the Gargoyle Fighter began the quest for the
                  | Orb.
     0 | D:1      | Reached XP level 1. HP: 14/14 MP: 1/1
   196 | D:1      | Reached XP level 2. HP: 19/19 MP: 2/2
   444 | D:1      | Reached XP level 3. HP: 19/23 MP: 3/3
   458 | D:1      | Found a faded altar of an unknown god.
  1068 | D:2      | Reached XP level 4. HP: 22/28 MP: 4/4
  1126 | D:2      | Reached skill level 4 in Armour
  1126 | D:2      | Reached skill level 1 in Dodging
  1126 | D:2      | Reached skill level 1 in Unarmed Combat
  1241 | D:2      | Noticed Sigmund
  1299 | D:2      | Killed Sigmund
  1300 | D:2      | Reached XP level 5. HP: 19/33 MP: 5/5
  1300 | D:2      | Reached XP level 6. HP: 22/38 MP: 6/6
  1407 | D:2      | Found Xaesinet's Distillery.
  1461 | D:2      | Found a runed translucent door.
  1462 | D:2      | Noticed Crazy Yiuf
  1597 | D:2      | Killed Crazy Yiuf
  1729 | D:3      | Found a shadowy altar of Dithmenos.
  2055 | D:3      | Reached skill level 5 in Armour
  2316 | D:3      | Noticed Natasha
  2329 | D:3      | Killed Natasha
  2342 | D:3      | Noticed Natasha
  2346 | D:3      | Killed Natasha
  2441 | D:3      | Found a glowing golden altar of the Shining One.
  2501 | D:3      | Noticed Grinder
  2509 | D:3      | Paralysed by Grinder for 3 turns
  2513 | D:3      | Killed Grinder
  2514 | D:3      | Reached XP level 7. HP: 44/44 MP: 7/7
  2825 | D:3      | Noticed Natasha
  2839 | D:3      | Killed Natasha
  2871 | D:4      | Found a stormy altar of Qazlal.
  2916 | D:4      | Reached skill level 6 in Armour
  2976 | D:4      | Learned a level 1 spell: Magic Dart
  2989 | D:4      | Noticed Blork the orc
  3001 | D:4      | Killed Blork the orc
  3109 | D:4      | Reached skill level 5 in Fighting
  3109 | D:4      | Reached skill level 5 in Axes
  3114 | D:4      | Reached XP level 8. HP: 37/49 MP: 8/8
  3356 | D:4      | Found a broken altar of Ashenzari.
  3414 | D:4      | Reached skill level 7 in Armour
  3491 | D:4      | Found an iron altar of Okawaru.
  3511 | D:4      | Became a worshipper of Warmaster Okawaru
  3865 | D:4      | Found a staircase to the Ecumenical Temple.
  3912 | D:5      | Entered Level 5 of the Dungeon
  3943 | D:5      | Noticed Eustachio
  3975 | D:5      | Killed Eustachio
  4195 | D:5      | Reached * piety under Okawaru
  4210 | D:5      | Reached skill level 8 in Armour
  4210 | D:5      | Reached XP level 9. HP: 55/55 MP: 9/9
  4293 | D:5      | Noticed Dowan
  4294 | D:5      | Noticed Duvessa
  4377 | D:5      | Killed Dowan
  4377 | D:5      | Killed Duvessa
  4553 | D:5      | Reached ** piety under Okawaru
  4761 | D:5      | Found a basalt altar of Yredelemnul.
  4822 | D:5      | Reached skill level 9 in Armour
  5169 | D:6      | Killed an unseen horror
  5666 | D:6      | Found a shimmering altar of Xom.
  5683 | D:6      | Reached *** piety under Okawaru
  5684 | D:6      | Reached XP level 10. HP: 53/63 MP: 10/10
  5940 | D:6      | Found a radiant altar of Vehumet.
  6043 | D:6      | Reached skill level 10 in Armour
  7007 | D:8      | Found a staircase to the Lair.
  7042 | D:8      | Reached **** piety under Okawaru
  7199 | D:8      | Found a sand-covered staircase.
  7214 | Ossuary  | Entered an ossuary
  7634 | D:8      | Found a runed translucent door.
  7635 | D:8      | Found a shimmering altar of Xom.
  7635 | D:8      | Noticed Weresquid's ghost (novice TeFE)
  7635 | D:8      | Noticed a +0 short sword of chaos
  7805 | D:8      | Found a glowing silver altar of Zin.
  7828 | D:8      | Found a blossoming altar of Fedhas.
  7930 | D:8      | Killed a +0 short sword of chaos
  7931 | D:8      | Reached skill level 11 in Armour
  7931 | D:8      | Reached skill level 5 in Shields
  7931 | D:8      | Reached skill level 1 in Invocations
  7933 | D:8      | Killed Weresquid's ghost
  7933 | D:8      | Reached ***** piety under Okawaru
  7934 | D:8      | Reached XP level 11. HP: 67/68 MP: 8/12
  7987 | D:9      | Found a runed translucent door.
  7987 | D:9      | Noticed Zeebu's ghost (novice MiFi)
  8080 | D:9      | Found a staircase to the Orcish Mines.
  8107 | D:9      | Identified the +10 hand axe of Chaos {vorpal, *Slow Int+3
                  | Dex+6} (Okawaru gifted it to you on level 9 of the Dungeon)
  8107 | D:9      | Received a gift from Okawaru
  8490 | D:9      | Noticed a green ugly thing
  8499 | D:9      | Killed a green ugly thing
  8586 | D:9      | Noticed a two-headed ogre
  8598 | D:9      | Killed a two-headed ogre
  8806 | D:9      | Received a gift from Okawaru
  8855 | D:9      | Noticed a cyclops
  8855 | D:9      | Noticed a centaur warrior
  8867 | D:9      | Killed a centaur warrior
  8868 | D:9      | Reached skill level 12 in Armour
  8882 | D:9      | Reached skill level 10 in Axes
  8888 | D:9      | Killed a cyclops
  8889 | D:9      | Reached skill level 5 in Invocations
  9335 | D:9      | Killed Zeebu's ghost
  9336 | D:9      | Reached XP level 12. HP: 76/76 MP: 10/16
  9344 | D:9      | Got Sif Muna's Spellbook of the Ground
  9409 | Lair:1   | Entered Level 1 of the Lair of Beasts
  9496 | Lair:1   | You fall into a shaft and drop 1 floor!
  9574 | Lair:2   | Found a hole to the Spider Nest.
  9792 | Lair:1   | Identified the +5 falchion of Recklessness {vorpal, rC+ rN+
                  | Int+3}
 10582 | Lair:2   | Identified the +1 scale mail of Okawaru's Fury {Drain rPois
                  | Dex+8} (Okawaru gifted it to you on level 2 of the Lair of
                  | Beasts)
 10582 | Lair:2   | Received a gift from Okawaru
 10799 | Lair:2   | Found a staircase to the Shoals.
 11082 | Lair:3   | Reached skill level 13 in Armour
 11216 | Lair:3   | Reached XP level 13. HP: 81/81 MP: 18/18
 12164 | Lair:3   | Found a blossoming altar of Fedhas.
 12173 | Lair:3   | Noticed Nessos
 12223 | Lair:3   | Killed Nessos
 12515 | Lair:3   | Reached skill level 14 in Armour
 12704 | Lair:3   | Received a gift from Okawaru
 12880 | Lair:4   | Reached ****** piety under Okawaru
 13518 | Lair:4   | Gained mutation: Your large and strong wings let you fly.
                  | [Gargoyle growth]
 13518 | Lair:4   | Reached XP level 14. HP: 73/87 MP: 20/20
 13589 | Lair:5   | Entered Level 5 of the Lair of Beasts
 13698 | Lair:4   | Identified the +2 scale mail of the Five Interlopers {rF+
                  | Str+2} (Okawaru gifted it to you on level 4 of the Lair of
                  | Beasts)
 13698 | Lair:4   | Received a gift from Okawaru
 14343 | Lair:5   | Reached skill level 5 in Dodging
 14376 | Lair:5   | Reached skill level 15 in Armour
 14631 | Lair:5   | Noticed a dire elephant
 14646 | Lair:5   | Killed a dire elephant
 14723 | Lair:5   | Found a burning altar of Makhleb.
 14799 | Lair:5   | Found a gateway to Hell.
 15053 | Lair:5   | Found a viscous altar of Jiyva.
 15053 | Lair:5   | Found a staircase to the Slime Pits.
 15084 | Lair:5   | Received a gift from Okawaru
 15650 | Spider:1 | Entered Level 1 of the Spider Nest
 15687 | Spider:1 | Reached XP level 15. HP: 92/92 MP: 21/21
 15856 | Spider:1 | Noticed an emperor scorpion
 15870 | Spider:1 | Killed an emperor scorpion
 16149 | Spider:1 | Identified the +3 pair of gloves "Tukkicisa" {Fly rCorr
                  | Int+3 SInv} (Okawaru gifted it to you on level 1 of the
                  | Spider Nest)
 16149 | Spider:1 | Received a gift from Okawaru
 16255 | Spider:1 | Killed a ghost moth
 16504 | Spider:1 | Demolished by a radroach

Illustrated notes

Levels and vault maps discovered:
D:1:      beargit_arrival_diablo_church, layout_basic, basic_ecumenical_altar,
          minmay_unequal
D:2:      layout_basic, serial_shops, nicolae_diamond_shop,
          uniq_crazy_yiuf_cottage, uniq_sigmund
D:3:      layout_loops_corners, nicolae_dithmenos_the_darkroom, tso_altar,
          chequers_big_river, uniq_grinder, uniq_natasha
D:4:      layout_gridville, mainiacjoe_overflow_alcove_1,
          mainiacjoe_overflow_boulevard, grunt_qazlal_sundering,
          lemuel_temple_firewalk_a, st_stairs_11, uniq_blork_the_orc
D:5:      layout_basic, kennysheep_mini_moat, minmay_stone_trees_medium,
          sigmund_army, uniq_duvessa, uniq_eustachio
D:6:      layout_loops_ring, mainiacjoe_overflow_swirl
D:7:      layout_layer_cave, serial_glass, glass_columns_b, glass_columns_a
D:8:      layout_cave_pools, zin_statuary, kennysheep_little_box,
          due_lair_maze_entry_diamond, ebering_ghost_xom, enter_ossuary_4
D:9:      minmay_the_grid_plus_closed [minmay_the_grid_doors,
          minmay_the_grid_outer_circle, minmay_the_grid_stretched_grid,
          minmay_the_grid_mess, minmay_the_grid_prize_inner_circle],
          layout_basic, kennysheep_orc_monster_closet_entryway,
          hellmonk_ghost_big_iron
Lair:1:   layout_roguey, special_room
Lair:2:   layout_loops_ring, shoals_dummy_entry, spider_nest_entry_a
Lair:3:   layout_roguey, tgw_fedhas, grunt_megastairs_5, uniq_nessos
Lair:4:   layout_regular_city
Lair:5:   evil_forest, layout_loops_ring, minmay_slime_entry_pillars,
          st_stairs_3, minmay_lair_oklob_bushes, dpeg_oklob_1
Spider:1: layout_cave_pods, hangedman_spider_tarantella_strand

Skill      XL: |  1  2  3  4  5  6  7  8  9 10 11 12 13 14 |
---------------+-------------------------------------------+-----
Axes           | 2 3 4 5 6 8 9 10 11 12 14 | 14.9
Armour         | 4 5 6 8 9 11 12 13 14 15 | 15.4
Dodging        | 1 3 7 |  7.9
Unarmed Combat | 1 |  1.7
Fighting       | 4 5 6 7 8 9 |  9.7
Shields        | 5 7 9 |  9.2
Invocations    | 2 5 7 9 |  9.0

Action                   |  1- 3 |  4- 6 |  7- 9 | 10-12 | 13-15 || total
-------------------------+-------+-------+-------+-------+-------++-------
Melee: War axe           |   122 |    90 |   434 |   850 |     4 ||  1500
       Broad axe         |       |       |       |       |   794 ||   794
       Morningstar       |       |       |       |       |    29 ||    29
       Whip              |       |       |       |       |     6 ||     6
Throw: Stone             |       |       |    12 |       |       ||    12
 Cast: Magic Dart        |       |       |     1 |       |       ||     1
Invok: Heroism           |       |       |       |     4 |     5 ||     9
       Finesse           |       |       |       |     3 |     5 ||     8
  Use: Potion            |       |     1 |     1 |     1 |    10 ||    13
       Scroll            |       |       |     5 |    12 |     9 ||    26
Armor: Scale mail        |    73 |    53 |   334 |       |       ||   460
       Chain mail        |       |       |    13 |   158 |       ||   171
       Plate armour      |       |       |       |   286 |       ||   286
       Ice dragon scales |       |       |       |   208 |   773 ||   981
Dodge: Dodged            |    59 |    49 |   235 |   370 |   528 ||  1241
Block: Buckler           |    31 |    17 |   106 |   204 |   304 ||   662
